 Dungeon Crawl Stone Soup version 0.25.0-15-gac7dcb8 (webtiles) character file.

Game seed: 13217438190744879222

1657167 shaftssuck the Slayer (level 27, 73/222 HPs)
             Began as an Octopode Fighter on June 25, 2020.
             Was a High Priest of Cheibriados.
             Escaped with the Orb
             ... and 3 runes on June 30, 2020!
             The game lasted 05:47:56 (77281 turns).

shaftssuck the Slayer (Octopode Fighter)           Turns: 77281, Time: 05:47:56

Health: 73/222     AC: 31    Str: 44    XL:     27
Magic:  39/39      EV: 30    Int: 24    God:    Cheibriados [*****.]
Gold:   7558       SH: 35    Dex: 29    Spells: 3/50 levels left

rFire    + + +     SeeInvis +   p - +8 demon trident "Rift" {distort, reach+}
rCold    + . .     Gourm    .   H - +8 tower shield {AC+3}
rNeg     + . .     Faith    .   R - +5 hat "Vumucur" {Str+3 Stlth+}
rPois    +         Spirit   .   B - amulet "Diufiadu" {Inacc rPois rF+++ MR+ Int-5}
rElec    +         Reflect  .   V - ring "Weorch" {+Blink rF+ AC+4 Int-3 Dex+4}
rCorr    .         Harm     .   t - ring of Robustness {AC+8}
MR       ++++.                  v - ring "Bedili Muag" {rF+ Str+6}
Stlth    +++.......             b - +4 ring of protection
HPRegen  0.87/turn              d - ring of the Scavenger {*Drain rElec MR+ Str+4 Int+3}
MPRegen  0.26/turn              O - ring "Tuyv" {Ice +Inv Str-2 SInv}
                                F - +4 ring of protection
                                w - ring of Creativity {rN+ Slay+3}

@: very slightly contaminated, very slow
A: almost no armour, stealthy swim, amphibious, 8 rings, constrict 8, tentacle
spike 1, thin metallic scales 1, camouflage 1, regeneration 1, screaming 1, weak
1, gelatinous body 1
0: Orb of Zot
}: 3/15 runes: serpentine, barnacled, silver
a: Bend Time, Temporal Distortion, Slouch, Step From Time, Renounce Religion,
Evoke Blink, Evoke Invisibility


You escaped.
You worshipped Cheibriados.
Cheibriados was extremely pleased with you.
You were full.

You visited 10 branches of the dungeon, and saw 52 of its levels.
You visited 1 bazaar.
You also visited: Ossuary and Ice Cave.

You collected 13608 gold pieces.
You spent 6050 gold pieces at shops.

Inventory:

Hand Weapons
 p - the +8 demon trident "Rift" (weapon) {distort, reach+}
   (You acquired it on level 3 of the Lair of Beasts)

   It warps and distorts space around it.
   Unwielding it can cause banishment or high damage.
Missiles
 x - 15 throwing nets
 K - 3 curare-tipped darts (quivered)
Armour
 H - a +8 tower shield of protection (worn)
 R - the +5 hat "Vumucur" (worn) {Str+3 Stlth+}
   (You acquired it on level 12 of the Dungeon)

   It affects your strength (+3).
   It makes you more stealthy.
Jewellery
 a - an uncursed ring of protection from magic
 b - a +4 ring of protection (on tentacle)
 d - the ring of the Scavenger (on tentacle) {*Drain rElec MR+ Str+4 Int+3}
   (You bought it in a shop in a bazaar)

   [ring of protection from magic]

   It affects your strength (+4).
   It affects your intelligence (+3).
   It insulates you from electricity.
   It affects your resistance to hostile enchantments.
   It causes draining when unequipped.
 g - an uncursed ring of resist corrosion
 q - an uncursed ring of flight
 t - the ring of Robustness (right tentacle) {AC+8}
   (You found it on level 3 of the Shoals)

   [ring of protection]

   It affects your AC (+8).
 v - the ring "Bedili Muag" (on tentacle) {rF+ Str+6}
   (You bought it in a shop in a bazaar)

   [ring of strength]

   It affects your strength (+6).
   It protects you from fire.
 w - the ring of Creativity (on tentacle) {rN+ Slay+3}
   (You found it on level 3 of the Crypt)

   [ring of positive energy]

   It affects your accuracy and damage with ranged weapons and melee attacks
   (+3).
   It protects you from negative energy.
 y - an uncursed ring of protection from cold
 B - the amulet "Diufiadu" (around mantle) {Inacc rPois rF+++ MR+ Int-5}
   (You found it on level 5 of the Vaults)

   [amulet of inaccuracy]

   It reduces the accuracy of all your attacks.
   It affects your intelligence (-5).
   It renders you almost immune to fire.
   It protects you from poison.
   It affects your resistance to hostile enchantments.
 F - a +4 ring of protection (on tentacle)
 J - an uncursed amulet of regeneration
 L - the ring "Hawn" {rF+ rN+}
   (You found it on level 3 of the Crypt)

   [ring of positive energy]

   It protects you from fire.
   It protects you from negative energy.
 O - the ring "Tuyv" (on tentacle) {Ice +Inv Str-2 SInv}
   (You took it off an ironbrand convoker on level 5 of the Vaults)

   [ring of ice]

   It enhances your ice magic.
   It affects your strength (-2).
   It makes you vulnerable to fire.
   It protects you from cold.
   It lets you see invisible.
   It lets you turn invisible.
 V - the ring "Weorch" (left tentacle) {+Blink rF+ AC+4 Int-3 Dex+4}
   (You bought it in a shop on level 3 of the Elven Halls)

   [ring of protection]

   It affects your AC (+4).
   It affects your intelligence (-3).
   It affects your dexterity (+4).
   It protects you from fire.
   It lets you blink.
 W - an uncursed ring of protection from magic
Wands
 i - a wand of digging (22)
 E - a wand of acid (25)
 S - a wand of clouds (30)
Scrolls
 f - 7 scrolls of immolation
 j - 16 scrolls of teleportation
 l - 7 scrolls of magic mapping
 o - 29 scrolls of remove curse
 r - 3 scrolls of holy word
 D - 33 scrolls of identify
 I - 3 scrolls of fear
 M - 2 scrolls of summoning
 Q - 6 scrolls of fog
 U - 6 scrolls of blinking
Potions
 c - 4 potions of might
 h - 3 potions of resistance
 k - 17 potions of curing
 m - 7 potions of flight
 n - 2 potions of mutation
 s - 16 potions of heal wounds
 u - 5 potions of brilliance
 z - 3 potions of cancellation
 A - 5 potions of ambrosia
 T - 10 potions of lignification
 X - 7 potions of magic
 Y - 2 potions of invisibility
Miscellaneous
 e - a tin of tremorstones (3/3)
 C - a phantom mirror
 G - 4 boxes of beasts
Comestibles
 Z - 90 rations


   Skills:
 - Level 26.6 Fighting
 - Level 18.5 Polearms
 - Level 5.0 Throwing
 - Level 15.4 Dodging
 - Level 11.7 Stealth
 - Level 18.0 Shields
 - Level 12.0 Spellcasting
 - Level 5.9 Conjurations
 - Level 4.0 Charms
 - Level 4.1 Summonings
 - Level 13.9 Necromancy
 - Level 12.6 Transmutations
 - Level 7.0 Ice Magic
 - Level 13.8 Earth Magic
 - Level 6.5 Poison Magic
 - Level 12.0 Invocations
 + Level 7.9 Evocations


You had 3 spell levels left.
You knew the following spells:

 Your Spells              Type           Power        Failure   Level  Hunger
a - Passwall              Tmut/Erth      ######..     1%          2    None
b - Sandblast             Erth           ######       1%          1    None
c - Frozen Ramparts       Ice            ######       1%          3    None
d - Ozocubu's Armour      Chrm/Ice       ######..     3%          3    None
e - Poisonous Vapours     Pois/Air       ####..       4%          2    None
f - Borgnjor's Vile Clut  Necr/Erth      ######....   1%          5    ###....
g - Mephitic Cloud        Conj/Pois/Air  ####....     5%          3    None
h - Animate Dead          Necr           N/A          1%          4    None
i - Olgreb's Toxic Radia  Pois           #####...     7%          4    None
j - Statue Form           Tmut/Erth      ######...    7%          6    #####..
k - Irradiate             Conj/Tmut      ######....   6%          5    ###....
l - Death Channel         Necr           ######....   5%          6    #####..
m - Summon Butterflies    Summ           ####....     1%          1    None
n - Sublimation of Blood  Necr           ######....   1%          2    None

Your spell library contained the following spells:

 Spells                   Type           Power        Failure   Level  Hunger
 Beastly Appendage        Tmut           ######       1%          1    None
 Freeze                   Ice            ####         1%          1    None
 Magic Dart               Conj           ####         1%          1    None
 Sting                    Tmut/Pois      ####         1%          1    None
 Corpse Rot               Necr/Air       N/A          1%          2    None
 Searing Ray              Conj           #####.       1%          2    None
 Sticks to Snakes         Tmut           ######..     1%          2    None
 Spider Form              Tmut/Pois      ######....   1%          3    None
 Stone Arrow              Conj/Erth      ######       1%          3    None
 Ignite Poison            Fire/Tmut/Pois #####...     2%          3    None
 Foxfire                  Conj/Fire      ####         3%          1    None
 Shock                    Conj/Air       ####         3%          1    None
 Ensorcelled Hibernation  Hex/Ice        #####.       3%          2    None
 Call Canine Familiar     Summ           ####....     5%          3    None
 Swiftness                Chrm/Air       ###.....     7%          2    None
 Conjure Flame            Conj/Fire      ####....     10%         3    None
 Dazzling Flash           Conj/Hex       ####..       10%         3    None
 Static Discharge         Conj/Air       ####....     10%         3    None
 Apportation              Tloc           ##....       11%         1    None
 Corona                   Hex            ##.....      11%         1    None
 Recall                   Summ/Tloc      N/A          13%         3    None
 Slow                     Hex            ##......     16%         2    None
 Gell's Gravitas          Tloc           ##........   30%         3    None
 Inner Flame              Hex/Fire       ##......     30%         3    None
 Lesser Beckoning         Tloc           ##........   30%         3    None
 Portal Projectile        Hex/Tloc       ##....       30%         3    None
 Tukima's Dance           Hex            ##......     30%         3    None
 Ice Form                 Ice/Tmut       #######.     1%          4    None
 Petrify                  Tmut/Erth      ######..     1%          4    None
 Blade Hands              Tmut           ######....   1%          5    ###....
 Lee's Rapid Deconstruct  Erth           ######....   1%          5    ###....
 Alistair's Intoxication  Tmut/Pois      ######..     5%          5    ###....
 Leda's Liquefaction      Hex/Erth       #####.....   6%          4    None
 Hailstorm                Conj/Ice       ######..     8%          4    None
 Hydra Form               Tmut           ######....   9%          6    #####..
 Summon Ice Beast         Ice/Summ       ######..     11%         4    None
 Bolt of Magma            Conj/Fire/Erth #####.....   19%         5    ###....
 Simulacrum               Ice/Necr       #######...   22%         6    #####..
 Iron Shot                Conj/Erth      ######....   28%         6    #####..
 Fulminant Prism          Conj/Hex       ####......   30%         4    None
 Iskenderun's Mystic Bla  Conj/Tloc      ####....     30%         4    None
 Sticky Flame             Conj/Fire      ####....     30%         4    None
 Eringya's Noxious Bog    Tmut/Pois      ######....   30%         6    #####..
 Iskenderun's Battlesphe  Conj/Chrm      #####...     36%         5    ###....
 Aura of Abjuration       Summ           ####......   45%         5    ###....
 Summon Demon             Summ           ####......   45%         5    ###....
 Dragon Form              Tmut           ######....   45%         7    ######.
 Metabolic Englaciation   Hex/Ice        #####.....   56%         5    ###....
 Fireball                 Conj/Fire      ####......   65%         5    ###....
 Lightning Bolt           Conj/Air       ####......   65%         5    ###....
 Ozocubu's Refrigeration  Ice            ######....   65%         6    #####..
 Airstrike                Air            ##........   71%         4    None
 Cause Fear               Hex            ##........   71%         4    None
 Summon Forest            Summ/Tloc      ###.......   77%         5    ###....
 Summon Mana Viper        Hex/Summ       ###.....     77%         5    ###....
 Freezing Cloud           Conj/Ice/Air   ######....   95%         6    #####..
 Silence                  Hex/Air        ##........   96%         5    ###....
 Shadow Creatures         Summ           N/A          96%         6    #####..
 Conjure Ball Lightning   Conj/Air       ####......   99%         6    #####..
 Darkness                 Hex            ##........   100%        6    #####..
 Dispersal                Tloc           ##........   100%        6    #####..
 Invisibility             Hex            ##......     100%        6    #####..
 Ring of Flames           Chrm/Fire      ###.......   100%        7    ######.
 Spellforged Servitor     Conj/Summ      #####.....   100%        7    ######.
 Summon Hydra             Summ           ####......   100%        7    ######.
 Controlled Blink         Tloc           N/A          100%        8    #######
 Disjunction              Tloc           ##........   100%        8    #######
 Dragon's Call            Summ           ####......   100%        9    #######
 Shatter                  Erth           ######....   100%        9    #######


Dungeon Overview and Level Annotations

Branches:
Dungeon (15/15)            Temple (0/1) D:5            Lair (6/6) D:9
 Shoals (4/4) Lair:2        Snake (4/4) Lair:2        Slime (0/5) Lair:6
    Orc (2/2) D:11            Elf (3/3) Orc:2        Vaults (5/5) D:13
  Crypt (3/3) Vaults:3       Tomb (0/3) Crypt:3      Depths (5/5) D:15
    Zot (5/5) Depths:5    Ossuary (visited)           IceCv (visited)

Altars:
Ashenzari
Cheibriados
Gozag
Kikubaaqudgha
Makhleb
Nemelex Xobeh
Okawaru
Sif Muna
Trog
Xom
Zin

Shops:
Orc:1 =   Orc:2 %[!=   Elf:1 !   Elf:3 :=***   Shoals:4 %   Snake:4 (
Vaults:4 [   Depths:4 *

Portals:
Hell: Depths:1 Depths:2 Depths:3 Depths:4 Depths:5
Abyss: Depths:3 Depths:4
Pandemonium: Depths:1 Depths:3 Depths:5
Ziggurat: Depths:3

Annotations:
D:4 Pikel
D:6 exclusion: downstairs
D:9 4 runed translucent doors, exclusion: 2 downstairs
Lair:1 exclusion: 2 oklob plants
Lair:5 exclusion: downstairs
Snake:3 exclusion: 2 downstairs
Elf:2 5 runed translucent doors, Asterion
Zot:2 1 transporter
Zot:3 3 runed translucent doors, Tirec's ghost, veteran CeHu
Zot:4 2 transporters
Abyss:1 Aizul, Mara, Margery, Nikola


Innate Abilities, Weirdness & Mutations

You cannot wear most types of armour.
You are very stealthy in the water. (Stealth+)
You are amphibious.
You can wear up to eight rings at the same time.
You can use your tentacles to constrict eight enemies at once.
Your skin changes colour to match your surroundings (Stealth+).
Your rubbery body absorbs attacks. (AC +1, EV +1)
One of your tentacles bears a spike.
You are partially covered in thin metallic scales. (AC +2)
Your natural rate of healing is unusually fast.
You occasionally shout uncontrollably at your foes.
You are weak. (Str -2)


Message History

An Ice Fiend comes into view.
You hit the Ice Fiend.
Space bends around the Ice Fiend.
You pierce the Ice Fiend.
The Ice Fiend is lightly wounded.
You hit the Ice Fiend.
You pierce the Ice Fiend!
You squeeze the Ice Fiend!
The Ice Fiend is heavily wounded.
The Ice Fiend blinks!
The Ice Fiend calls on the powers of darkness!
Your body is wracked with pain!
Attack whom?
Press: ? - help, Dir - move target cursor, f - Ice Fiend
Aim: an Ice Fiend (heavily wounded)
You barely miss the Ice Fiend.
The Ice Fiend is heavily wounded.
The Ice Fiend calls on the powers of darkness!
Your body is wracked with pain!
There is a staircase leading out of the dungeon here.
The Ice Fiend gestures at you. The bolt of cold misses you.
You have escaped!

♣♣♣ ♣♣♣.♣♣♣♣♣
♣♣♣.......♣♣♣
♣♣♣♣♣..81@.8....♣♣
♣................♣♣
♣♣.................♣♣
♣.......8...8.......♣
♣#####.........#####♣
##.......## ##8...8##
##'''## #...#


You could see an Ice Fiend.

Vanquished Creatures
  6 orbs of fire (Zot:5)
  4 ancient liches
  A juggernaut (Depths:5)
  The ghost of drazt1k the Sensei, a veteran DsHu of Okawaru (Crypt:2)
  Boris (twice) (Vaults:4 Crypt:2)
  5 Killer Klowns
  Vashnia (Snake:4)
  Bai Suzhen (Crypt:2)
  A curse toe (Zot:4)
  Jory (Crypt:3)
  5 golden dragons
  A bone dragon (Depths:3)
  the Enchantress (Depths:5)
  6 liches
  3 electric golems
  Jorgrun (Shoals:1)
  8 tentacled monstrosities
  25 Orb Guardians
  3 titans (Vaults:5)
  5 quicksilver dragons
  3 deep elf master archers (Elf:3)
  A deep elf blademaster (Elf:3)
  2 sphinxes (Vaults:5)
  A kraken (Shoals:4)
  An Executioner (Zot:4)
  Agnes (D:15)
  2 ancient champions
  8 death cobs
  Frances (Shoals:1)
  7 shadow dragons
  2 thorn hunters (Depths:3)
  4 tengu reavers
  8 draconian monks
  Kirke (Shoals:4)
  5 storm dragons
  9 nagarajas
  6 draconian knights
  2 iron dragons
  10 fire giants
  The ghost of Dazliare the Severer, a journeyman HOFi of the Shining One (Depths:1)
  12 frost giants
  8 deep elf sorcerers
  9 draconian scorchers
  4 ghost moths
  The ghost of Golfball the Grappler, a journeyman TrMo of Okawaru (Orc:2)
  An angel (Depths:5)
  5 vault wardens
  10 draconian shifters
  2 balrugs
  2 curse skulls
  2 ghouls
  4 deep elf elementalists
  A juggernaut zombie (Crypt:1)
  2 war gargoyles (Vaults:5)
  18 very ugly things
  5 spriggan defenders
  8 ironheart preservers
  3 draconian stormcallers
  10 draconian annihilators
  12 stone giants
  7 vampire knights
  2 entropy weavers
  6 deep elf demonologists
  5 green draconians
  A lorocyproca (Depths:3)
  13 yellow draconians
  12 red draconians
  9 purple draconians
  15 black draconians
  14 white draconians
  11 spark wasps
  5 deep elf annihilators
  13 ettins
  10 deep elf death magi
  4 merfolk javelineers
  3 fire dragons
  3 eidola
  9 merfolk impalers
  Josephine (D:15)
  3 jiangshi (Crypt:3)
  10 deep elf high priests
  5 rakshasas
  7 hydras
  11 yaktaur captains
  7 great orbs of eyes
  A hell beast (Depths:3)
  7 ice dragons
  27 vault guards
  6 naga warriors
  12 ogre magi
  3 spriggan air magi
  3 merfolk aquamancers (Shoals:4)
  Erica (D:8)
  2 alligator snapping turtles (Shoals:4)
  4 catoblepae
  2 merfolk avatars
  5 anacondas
  5 centaur warriors
  4 deep troll shamans
  5 death yaks
  7 death knights
  44 two-headed ogres
  10 vampire magi
  14 dancing weapons
  2 satyrs
  7 spriggan berserkers
  2 deep troll earth magi (Depths:2)
  4 tengu warriors
  An alligator (Depths:3)
  2 storm dragon zombies (Crypt:3)
  A titan zombie (Vaults:5)
  14 naga sharpshooters
  4 orc high priests (Orc:2)
  2 fire crabs (shapeshifter)
  3 spriggans
  10 shock serpents
  19 deep elf knights
  3 sun demons
  An iron giant zombie (Crypt:3)
  3 death drakes (Depths:5)
  2 shadow wraiths (Crypt:2)
  14 hell knights
  An anaconda zombie (Crypt:1)
  22 skeletal warriors
  3 unseen horrors
  2 golden dragon zombies (Crypt:3)
  A ghost moth zombie (Crypt:3)
  2 glowing orange brains (Depths:4)
  3 salamander mystics
  14 deep trolls
  An unseen horror (shapeshifter) (Depths:3)
  7 sea snakes
  3 wizards
  A shadow demon (D:12)
  6 naga ritualists
  11 harpies
  An obsidian statue (Depths:4)
  2 anaconda skeletons (Crypt:1)
  16 phantasmal warriors
  7 flayed ghosts
  19 deep elf archers
  A wolf spider zombie (Crypt:3)
  6 ironbrand convokers
  6 necromancers
  13 orc knights
  7 lindwurms
  A shadow dragon zombie (Crypt:3)
  37 ugly things
  A stone giant zombie (Crypt:3)
  A mana viper (shapeshifter) (Depths:3)
  6 mana vipers
  8 cyclopes
  7 fauns
  60 deep elf magi
  6 manticores
  9 salamanders
  A shining eye (shapeshifter) (Depths:5)
  A fire giant zombie (D:15)
  An iron dragon zombie (Crypt:3)
  2 large abominations
  19 moths of wrath
  2 orc sorcerers (Elf:1)
  3 wolf spiders
  9 elephants (Lair:6)
  A black mamba (shapeshifter) (Depths:4)
  An ice statue (IceCv)
  2 water nymphs
  A frost giant zombie (D:15)
  A rust devil (Depths:3)
  7 merfolk sirens
  4 guardian serpents
  4 gargoyles
  34 black mambas
  9 vault sentinels
  11 spiny frogs
  A shock serpent skeleton (Crypt:2)
  2 smoke demons
  A human zombie (Vaults:5)
  Psyche (D:8)
  A catoblepas zombie (Crypt:3)
  37 yaktaurs
  21 naga magi
  2 kobold demonologists
  An orange demon (Depths:3)
  4 komodo dragons
  2 yaktaurs (shapeshifter)
  2 rime drakes
  A red draconian zombie (Crypt:2)
  2 tengu conjurers
  A tormentor (Depths:1)
  A yaktaur zombie (D:15)
  An emperor scorpion zombie (Crypt:3)
  An ice devil (Depths:3)
  A hellwing (Depths:3)
  3 red devils
  27 merfolk
  A catoblepas skeleton (Crypt:1)
  A jumping spider (Vaults:4)
  11 freezing wraiths
  A queen bee (shapeshifter) (Depths:1)
  A death yak skeleton (Crypt:2)
  20 polar bears
  A sea snake skeleton (Crypt:1)
  A troll (shapeshifter) (Depths:4)
  5 wind drakes
  A jumping spider (shapeshifter) (Elf:1)
  7 trolls
  5 hornets
  A wind drake (shapeshifter) (Vaults:3)
  A hornet (shapeshifter) (Vaults:2)
  19 slime creatures
  12 blink frogs
  7 hippogriffs
  9 snapping turtles
  A dream sheep (shapeshifter) (Depths:3)
  12 dream sheep
  An ettin zombie (Crypt:1)
  3 air elementals
  Sigmund (D:2)
  2 redbacks (Vaults:4)
  A ynoxinul (Depths:3)
  A tarantella (Vaults:3)
  10 flying skulls
  3 shadows
  21 vampires
  2 wyverns
  6 wraiths
  23 water elementals
  A hog (shapeshifter) (Depths:2)
  A human (shapeshifter) (Vaults:2)
  3 hogs (Shoals:4)
  3 fire elementals
  2 hungry ghosts
  5 vampire mosquitoes
  60 yaks
  A yaktaur simulacrum (Vaults:1)
  A neqoxec (D:8)
  3 basilisks
  Menkaure (D:4)
  43 nagas
  7 wargs
  An acid dragon (D:14)
  22 water moccasins
  A monstrous demonspawn zombie (Crypt:2)
  An elf skeleton (Vaults:1)
  2 floating eyes
  21 porcupines
  2 swamp drakes (Depths:5)
  3 sky beasts
  A swamp dragon zombie (Crypt:3)
  42 orc warriors
  2 black bears (D:9)
  An eye of draining (shapeshifter) (Vaults:5)
  17 ice beasts
  4 phantoms
  A snapping turtle zombie (Crypt:1)
  28 wolves
  36 ogres
  6 necrophages
  19 boggarts
  A swamp dragon skeleton (Crypt:1)
  22 centaurs
  2 crocodiles (shapeshifter)
  9 crocodiles
  A hippogriff zombie (Crypt:1)
  2 big kobolds
  23 bullfrogs
  Blork the orc (D:6)
  A water moccasin zombie (Crypt:1)
  An earth elemental (Elf:3)
  A wyvern skeleton (D:10)
  3 scorpions
  A troll zombie (Crypt:3)
  3 killer bees (D:12)
  5 wights
  A howler monkey (D:4)
  8 crimson imps
  3 jellies
  2 quasits
  3 centaur zombies
  3 bullfrog zombies
  3 hounds
  33 orc priests
  4 bullfrog skeletons
  5 centaur skeletons
  A demonspawn zombie (Crypt:2)
  18 orc wizards
  An iron imp (Depths:1)
  4 iguanas
  Ijyb (D:4)
  3 human skeletons
  7 hell rats (Lair:5)
  3 polar bear simulacra (D:10)
  6 worker ants
  2 yak simulacra (D:10)
  6 wolf simulacra (D:10)
  6 big kobold zombies (Ossuary)
  A hound zombie (D:9)
  A hound skeleton (D:8)
  6 mummies (Ossuary)
  A howler monkey skeleton (Crypt:3)
  16 adders
  4 shadow imps
  A white imp (Depths:5)
  2 adder zombies (D:7)
  A halfling zombie (Crypt:1)
  An adder skeleton (D:6)
  3 worms
  A barachi skeleton (Crypt:2)
  A barachi zombie (Crypt:1)
  3 dart slugs
  6 leopard geckos
  108 orcs
  3 ball pythons
  3 giant cockroaches
  11 goblins
  2 hobgoblins (D:1)
  7 jackals
  5 quokkas
  A ball python skeleton (D:4)
  5 bats
  11 frilled lizards
  4 hobgoblin zombies (Ossuary)
  A jackal zombie (D:7)
  12 kobolds
  A leopard gecko zombie (D:6)
  7 rats
  3 crawling corpses (Elf:3)
  2 plants
  5 tentacles
2204 creatures vanquished.

Vanquished Creatures (collateral kills)
  2 golden dragons
  An electric golem (Zot:2)
  A tentacled monstrosity (Vaults:5)
  A tengu reaver (Vaults:5)
  A storm dragon (Vaults:5)
  A shadow dragon (Vaults:5)
  A draconian knight (Zot:2)
  A draconian shifter (Zot:4)
  A draconian stormcaller (Zot:3)
  2 spriggan defenders (Depths:5)
  5 draconian annihilators
  3 very ugly things (Vaults:5)
  2 stone giants (Vaults:5)
  3 deep elf annihilators
  2 green draconians
  2 purple draconians
  2 red draconians
  A crystal guardian (Vaults:5)
  A merfolk impaler (Shoals:3)
  4 yaktaur captains
  A deep elf high priest (Elf:3)
  A spriggan air mage (Depths:5)
  A spriggan berserker (Depths:5)
  A hell knight (Depths:5)
  2 sea snakes
  A glowing orange brain (Depths:5)
  2 ironbrand convokers (Vaults:5)
  2 necromancers (Vaults:5)
  A harpy (Shoals:3)
  A fire giant zombie (Vaults:5)
  A faun (Shoals:3)
  A salamander (Depths:4)
  4 moths of wrath
  A vault sentinel (Vaults:5)
  2 yaktaurs
  A merfolk (Shoals:3)
  A wind drake (Shoals:4)
  4 hornets (Depths:5)
  A slime creature (Depths:3)
  A snapping turtle (Shoals:3)
  4 spriggans (Depths:5)
  A swamp worm (shapeshifter) (Vaults:5)
  An elf zombie (Vaults:5)
  An ettin simulacrum (Vaults:5)
  An electric eel (Elf:3)
  A howler monkey (shapeshifter) (Vaults:5)
  A worm (shapeshifter) (Vaults:5)
  3 plants
80 creatures vanquished.

Vanquished Creatures (others)
  An ancient lich (Zot:5)
  A juggernaut (Depths:5)
  The ghost of Gayseys the Sorcerer, a veteran DEFE of Vehumet (Depths:4)
  A bone dragon (Vaults:3)
  A tentacled monstrosity (Vaults:4)
  2 Orb Guardians (Zot:5)
  A titan (Depths:3)
  A deep elf master archer (Elf:3)
  An ancient champion (Crypt:1)
  A kraken (Shoals:1)
  2 storm dragons
  A shadow dragon (Zot:5)
  A nagaraja (Snake:4)
  4 draconian monks
  An iron dragon (Depths:5)
  2 draconian knights
  3 vault wardens
  2 ghouls
  A stone giant (Vaults:3)
  A very ugly thing (Depths:1)
  A deep elf demonologist (Elf:3)
  An ironheart preserver (Vaults:1)
  The ghost of Juirae the Grappler, a journeyman TrMo of Wu Jian (Lair:4)
  2 green draconians
  3 vampire knights
  A deep elf annihilator (Elf:1)
  3 red draconians
  3 black draconians
  A deep elf death mage (Elf:3)
  3 white draconians
  4 yellow draconians
  A spark wasp (Depths:5)
  An ettin (Depths:2)
  3 jiangshi (Crypt:3)
  2 yaktaur captains
  3 fire dragons
  An ice dragon (Depths:5)
  2 ogre magi
  A vault guard (Vaults:3)
  8 naga warriors
  A merfolk avatar (Shoals:4)
  4 anacondas
  A spriggan air mage (Depths:5)
  A death knight (Vaults:3)
  An alligator snapping turtle (Shoals:4)
  6 two-headed ogres
  A tengu warrior (D:13)
  A dancing weapon (Elf:2)
  A death yak (Lair:6)
  8 naga sharpshooters
  5 vampire magi
  A soul eater (Depths:3)
  An orc high priest (Orc:2)
  2 deep elf knights
  A sun demon (Depths:2)
  A fire crab (shapeshifter) (Vaults:4)
  A shadow wraith (Crypt:2)
  7 hell knights
  6 skeletal warriors
  2 storm dragon zombies
  A sea snake (Shoals:1)
  A salamander mystic (Snake:2)
  A glowing orange brain (Depths:4)
  A harpy (Vaults:4)
  2 deep elf archers (Elf:3)
  2 necromancers
  2 phantasmal warriors
  A mana viper (Snake:1)
  5 orc knights
  2 ironbrand convokers
  A wolf spider (Vaults:1)
  A cyclops (Vaults:1)
  2 ugly things (Vaults:2)
  A manticore (D:15)
  A frost giant zombie (D:15)
  3 deep elf magi
  3 fauns
  A salamander (Snake:2)
  A guardian serpent (Snake:1)
  4 black mambas
  An orange demon (Depths:1)
  4 elephants (Lair:6)
  2 naga magi
  3 water nymphs
  A vault sentinel (Vaults:4)
  A spiny frog (shapeshifter) (Depths:1)
  A redback zombie (D:14)
  3 freezing wraiths
  A komodo dragon (Lair:3)
  4 yaktaurs
  A hornet (Lair:5)
  2 wind drakes (Shoals:4)
  A polar bear (IceCv)
  3 merfolk
  6 slime creatures
  An elf zombie (Vaults:5)
  A shadow (D:12)
  4 vampires (Crypt:3)
  An ice dragon skeleton (Crypt:3)
  2 water elementals
  A human (Shoals:4)
  A basilisk (Depths:3)
  9 yaks
  A vampire mosquito (D:14)
  4 nagas
  A two-headed ogre zombie (Crypt:2)
  A warg (Orc:2)
  A water moccasin (Lair:6)
  An infernal demonspawn skeleton (Crypt:2)
  7 orc warriors
  A swamp drake (Depths:5)
  A sky beast (D:10)
  An orc zombie (Vaults:1)
  A boggart (Depths:3)
  5 ogres
  A centaur (Depths:2)
  A crocodile (Lair:4)
  A yaktaur zombie (Crypt:3)
  An earth elemental (Elf:3)
  A wight (D:14)
  A bullfrog zombie (D:10)
  An orc priest (Orc:2)
  3 ball lightnings (Depths:3)
  3 orcs
  A bush (Lair:6)
  39 fungi
  51 plants
  12 tentacles
357 creatures vanquished.

Grand Total: 2641 creatures vanquished

Notes
Turn   | Place    | Note
-------+----------+-------------------------------------------
     0 | D:1      | shaftssuck the Octopode Fighter began the quest for the
                  | Orb.
     0 | D:1      | Reached XP level 1. HP: 16/16 MP: 1/1
   164 | D:1      | Reached XP level 2. HP: 4/21 MP: 2/2
   917 | D:2      | Reached skill level 1 in Stealth
   917 | D:2      | Reached XP level 3. HP: 26/26 MP: 3/3
  1112 | D:2      | Found a snail-covered altar of Cheibriados.
  1116 | D:2      | Reached XP level 4. HP: 31/31 MP: 4/4
  1150 | D:2      | Became a worshipper of Cheibriados the Contemplative
  1169 | D:2      | Noticed Sigmund
  1246 | D:2      | Killed Sigmund
  1246 | D:2      | Reached XP level 5. HP: 26/36 MP: 5/5
  1246 | D:2      | Reached XP level 6. HP: 31/42 MP: 6/6
  1803 | D:3      | Found a sparkling altar of Nemelex Xobeh.
  1949 | D:3      | Reached * piety under Cheibriados
  2216 | D:3      | Found a faded altar of an unknown god.
  2216 | D:3      | Found a faded altar of an unknown god.
  2388 | D:3      | Found a shimmering blue altar of Sif Muna.
  2390 | D:3      | Found a bloodstained altar of Trog.
  2392 | D:3      | Found a burning altar of Makhleb.
  2639 | D:3      | Found an iron altar of Okawaru.
  2925 | D:4      | Reached skill level 1 in Invocations
  2939 | D:4      | Noticed Menkaure
  2945 | D:4      | Killed Menkaure
  2945 | D:4      | Reached skill level 4 in Fighting
  2945 | D:4      | Reached skill level 5 in Polearms
  2945 | D:4      | Reached XP level 7. HP: 41/48 MP: 6/8
  3732 | D:4      | Noticed Ijyb
  3771 | D:4      | Killed Ijyb
  3831 | D:4      | Reached ** piety under Cheibriados
  3846 | D:4      | Noticed Pikel
  3985 | D:5      | Entered Level 5 of the Dungeon
  4579 | D:5      | Reached XP level 8. HP: 40/54 MP: 9/9
  4700 | D:5      | Found a staircase to the Ecumenical Temple.
  5062 | D:5      | Gained mutation: Scrolls take you a little longer to read.
                  | [potion of mutation]
  5062 | D:5      | Gained mutation: Potions are less effective at restoring
                  | your health. [potion of mutation]
  5062 | D:5      | Gained mutation: You are partially covered in slimy green
                  | scales. (AC +2) [potion of mutation]
  5062 | D:5      | Gained mutation: One of your tentacles bears a spike.
                  | [potion of mutation]
  5063 | D:5      | Lost mutation: Scrolls take you a little longer to read.
                  | [potion of mutation]
  5063 | D:5      | Lost mutation: Potions are less effective at restoring your
                  | health. [potion of mutation]
  5063 | D:5      | Gained mutation: Scrolls take you a little longer to read.
                  | [potion of mutation]
  5063 | D:5      | Gained mutation: You are weak. (Str -2) [potion of
                  | mutation]
  5063 | D:5      | Gained mutation: Potions are less effective at restoring
                  | your health. [potion of mutation]
  5063 | D:5      | Gained mutation: You expend magic power (3 MP) to
                  | strengthen your wands. [potion of mutation]
  5064 | D:5      | Lost mutation: Scrolls take you a little longer to read.
                  | [potion of mutation]
  5064 | D:5      | Lost mutation: One of your tentacles bears a spike. [potion
                  | of mutation]
  5064 | D:5      | Gained mutation: You are agile. (Dex +2) [potion of
                  | mutation]
  5064 | D:5      | Gained mutation: You evolve. [potion of mutation]
  5064 | D:5      | Lost mutation: You are weak. (Str -2) [potion of mutation]
  5315 | D:6      | Lost mutation: You expend magic power (3 MP) to strengthen
                  | your wands. [evolution]
  5322 | D:6      | Found a shattered altar of Ashenzari.
  5810 | D:6      | Reached skill level 5 in Fighting
  6213 | D:6      | Noticed Blork the orc
  6218 | D:6      | Killed Blork the orc
  6372 | D:7      | Noticed a troll
  6426 | D:7      | Found a sand-covered staircase.
  6433 | D:7      | Reached XP level 9. HP: 59/61 MP: 12/12
  6445 | Ossuary  | Entered an ossuary
  6463 | Ossuary  | Reached *** piety under Cheibriados
  6698 | D:7      | Reached skill level 5 in Invocations
  6869 | D:7      | Reached skill level 5 in Dodging
  7156 | D:7      | Reached **** piety under Cheibriados
  7196 | D:7      | Noticed a gargoyle
  7196 | D:7      | Noticed a troll
  7211 | D:7      | Killed a gargoyle
  7211 | D:7      | Reached skill level 6 in Fighting
  7221 | D:7      | Killed a troll
  7828 | D:7      | Reached XP level 10. HP: 43/69 MP: 13/13
  8189 | D:7      | Lost mutation: Potions are less effective at restoring your
                  | health. [evolution]
  8322 | D:7      | Reached skill level 10 in Polearms
  8322 | D:7      | Reached skill level 1 in Throwing
  8542 | D:8      | Noticed Erica
  8553 | D:8      | Killed Erica
  8553 | D:8      | Reached skill level 7 in Fighting
  9127 | D:8      | Noticed Psyche
  9137 | D:8      | Killed Psyche
  9193 | D:8      | Gained mutation: Your mind is acute. (Int +2) [evolution]
  9857 | D:9      | Reached ***** piety under Cheibriados
 10392 | D:9      | Reached skill level 1 in Evocations
 10399 | D:9      | Gained mutation: Your spells are a little harder to cast,
                  | but a little more powerful. [evolution]
 10444 | D:9      | Found a shimmering altar of Xom.
 10473 | D:9      | Found a huge runed translucent gate.
 10473 | D:9      | Found a huge runed translucent gate.
 10473 | D:9      | Found a huge runed translucent gate.
 10473 | D:9      | Found a huge runed translucent gate.
 10612 | D:9      | Found a staircase to the Lair.
 10663 | D:10     | Entered Level 10 of the Dungeon
 10685 | D:10     | Noticed an unseen horror
 10692 | D:10     | Killed an unseen horror
 10796 | D:10     | Reached XP level 11. HP: 76/76 MP: 15/15
 10878 | D:10     | Noticed an ettin
 10878 | D:10     | Noticed a skeletal warrior
 11065 | D:10     | Noticed a death knight
 11067 | D:10     | Noticed a phantasmal warrior
 11113 | Lair:1   | Entered Level 1 of the Lair of Beasts
 11264 | Lair:1   | Found a frozen archway.
 11304 | Lair:1   | Learned a level 2 spell: Passwall
 11324 | IceCv    | Entered an ice cave
 11328 | IceCv    | Reached skill level 5 in Shields
 11575 | IceCv    | Reached skill level 8 in Fighting
 12684 | IceCv    | Reached skill level 1 in Earth Magic
 12688 | IceCv    | Lost mutation: You are partially covered in slimy green
                  | scales. (AC +2) [evolution]
 12688 | IceCv    | Lost mutation: You evolve. [end of evolution]
 12689 | IceCv    | Lost mutation: Your spells are a little harder to cast, but
                  | a little more powerful. [potion of mutation]
 12689 | IceCv    | Gained mutation: You are weak. (Str -2) [potion of
                  | mutation]
 12689 | IceCv    | Gained mutation: You have an increased reservoir of magic.
                  | (+10% MP) [potion of mutation]
 12689 | IceCv    | Lost mutation: You are weak. (Str -2) [potion of mutation]
 12798 | IceCv    | Reached skill level 1 in Transmutations
 12801 | IceCv    | Reached skill level 1 in Spellcasting
 12846 | IceCv    | HP: 3/77 [polar bear (7)]
 14414 | IceCv    | Reached ****** piety under Cheibriados
 14472 | IceCv    | Reached XP level 12. HP: 84/84 MP: 19/19
 14610 | IceCv    | Noticed a death yak
 14627 | IceCv    | Killed a death yak
 15082 | IceCv    | Noticed a frost giant
 15101 | IceCv    | Killed a frost giant
 15101 | IceCv    | Reached skill level 9 in Fighting
 16794 | Lair:1   | Learned a level 1 spell: Sandblast
 17247 | Lair:2   | Found a burning altar of Makhleb.
 17530 | Lair:2   | Reached XP level 13. HP: 89/91 MP: 16/21
 17671 | Lair:2   | Found a staircase to the Snake Pit.
 18284 | Lair:2   | Found a staircase to the Shoals.
 18655 | Lair:3   | Reached skill level 10 in Fighting
 19017 | Lair:3   | Learned a level 3 spell: Frozen Ramparts
 19098 | Lair:3   | Identified a scroll of acquirement
 19099 | Lair:3   | Found the +8 demon trident "Rift" {distort, reach+}
 19099 | Lair:3   | Got the +8 demon trident "Rift" {distort, reach+}
 19291 | Lair:3   | Reached skill level 1 in Ice Magic
 20110 | Lair:4   | Found a transporter.
 20115 | Lair:4   | Noticed Juirae's ghost (journeyman TrMo)
 20153 | Lair:4   | Found a transporter.
 20661 | Lair:4   | Reached skill level 5 in Throwing
 21898 | Lair:5   | Reached XP level 14. HP: 99/99 MP: 23/23
 21933 | Lair:5   | Reached skill level 11 in Fighting
 21961 | Lair:5   | Reached skill level 5 in Spellcasting
 22293 | Lair:6   | Entered Level 6 of the Lair of Beasts
 22978 | Lair:6   | Found a staircase to the Slime Pits.
 23173 | Lair:6   | Reached skill level 5 in Stealth
 23522 | Lair:6   | Reached skill level 5 in Ice Magic
 23666 | Lair:6   | Reached skill level 12 in Fighting
 24092 | Lair:6   | Learned a level 3 spell: Ozocubu's Armour
 24617 | D:10     | Reached skill level 1 in Charms
 24864 | D:10     | Reached XP level 15. HP: 107/109 MP: 26/26
 24878 | D:10     | Identified the cursed +2 mace of Fedhas's Regard {flame,
                  | rF+ Int+3}
 25375 | D:11     | Found a staircase to the Orcish Mines.
 25445 | D:11     | Found a glowing silver altar of Zin.
 26115 | D:12     | Got the +5 hat "Vumucur" {Str+3 Stlth+}
 26728 | D:13     | Found a gate to the Vaults.
 27684 | D:14     | Found a shattered altar of Ashenzari.
 28268 | D:15     | Entered Level 15 of the Dungeon
 28348 | D:15     | Noticed Agnes
 28357 | D:15     | Killed Agnes
 28627 | D:15     | Found a staircase to the Depths.
 28717 | D:15     | Reached skill level 13 in Fighting
 28853 | D:15     | Noticed Josephine
 28877 | D:15     | Killed Josephine
 29353 | Orc:1    | Entered Level 1 of the Orcish Mines
 29482 | Orc:1    | Found Adghu's Jewellery Shop.
 29526 | Orc:1    | You fall into a shaft and drop 1 floor!
 29526 | Orc:2    | Entered Level 2 of the Orcish Mines
 29538 | Orc:2    | Reached XP level 16. HP: 117/117 MP: 29/29
 29558 | Orc:2    | Found a runed translucent door.
 29559 | Orc:2    | Noticed Golfball's ghost (journeyman TrMo)
 29577 | Orc:2    | Killed Golfball's ghost
 29965 | Orc:2    | Found a staircase to the Elven Halls.
 30562 | Orc:2    | Learned a level 2 spell: Poisonous Vapours
 30746 | Orc:2    | Reached skill level 1 in Poison Magic
 31652 | Orc:2    | Found Arphaxt's Jewellery Boutique.
 31652 | Orc:2    | Found Igaeq's Food Boutique.
 31653 | Orc:2    | Found Jekheph's Distillery.
 31653 | Orc:2    | Found Zicrus's Armour Boutique.
 31663 | Orc:2    | Bought a potion of heal wounds for 75 gold pieces
 31663 | Orc:2    | Bought a potion of cancellation for 120 gold pieces
 31791 | Orc:2    | Bought a +1 tower shield of protection for 181 gold pieces
 31804 | Orc:2    | Bought an uncursed ring of wizardry for 360 gold pieces
 32084 | Snake:1  | Entered Level 1 of the Snake Pit
 32783 | Snake:1  | Reached skill level 10 in Shields
 33167 | Snake:1  | Reached skill level 10 in Dodging
 33779 | Snake:2  | Reached skill level 14 in Fighting
 33816 | Snake:2  | Noticed a nagaraja
 34215 | Snake:2  | Killed a nagaraja
 34666 | Snake:2  | Reached skill level 10 in Stealth
 34675 | Snake:2  | Reached XP level 17. HP: 125/125 MP: 31/31
 36703 | Snake:4  | Entered Level 4 of the Snake Pit
 36703 | Snake:4  | Found Gatijo's Antique Weapon Emporium.
 36846 | Snake:4  | Noticed Mara
 36847 | Snake:4  | Noticed shaftssuck's illusion
 37436 | Snake:4  | Noticed Aizul
 37450 | Snake:4  | Banished Aizul
 37664 | Snake:4  | Noticed Vashnia
 38274 | Snake:4  | Killed Vashnia
 38454 | Snake:4  | Reached XP level 18. HP: 133/133 MP: 33/33
 39272 | Snake:4  | Noticed shaftssuck's illusion
 39272 | Snake:4  | Banished Mara
 39272 | Snake:4  | Reached skill level 15 in Fighting
 39401 | Snake:4  | Got a serpentine rune of Zot
 39801 | Vaults:1 | Entered Level 1 of the Vaults
 40036 | Lair:4   | Banished Juirae's ghost
 40088 | Lair:4   | Learned a level 5 spell: Borgnjor's Vile Clutch
 40791 | Vaults:1 | Reached skill level 1 in Necromancy
 41406 | Vaults:1 | Reached skill level 10 in Invocations
 41513 | Vaults:1 | Identified the cursed +2 hand axe of the Girdle {vorpal,
                  | rC+} (You found it on level 1 of the Vaults)
 42327 | Vaults:2 | Reached XP level 19. HP: 141/141 MP: 35/35
 42858 | Vaults:3 | Reached skill level 5 in Earth Magic
 42939 | Vaults:3 | Reached skill level 16 in Fighting
 43103 | Vaults:3 | Noticed Margery
 43113 | Vaults:3 | Banished Margery
 44030 | Vaults:3 | Noticed a bone dragon
 44044 | Vaults:3 | Banished a bone dragon
 44059 | Vaults:3 | Found a staircase to the Crypt.
 44436 | Vaults:3 | Reached skill level 15 in Shields
 44850 | Vaults:4 | Reached skill level 17 in Fighting
 44855 | Vaults:4 | Reached XP level 20. HP: 106/151 MP: 36/36
 45748 | Vaults:4 | Reached skill level 5 in Necromancy
 45806 | Vaults:4 | Found Luamp's Antique Armour Emporium.
 45817 | Vaults:4 | Noticed Boris
 45837 | Vaults:4 | Killed Boris
 46481 | Vaults:4 | Learned a level 3 spell: Mephitic Cloud
 46799 | Shoals:1 | Entered Level 1 of the Shoals
 46930 | Shoals:1 | Noticed Frances
 46943 | Shoals:1 | Killed Frances
 46944 | Shoals:1 | Noticed Jorgrun
 46954 | Shoals:1 | Killed Jorgrun
 47022 | Shoals:1 | Reached skill level 18 in Fighting
 47767 | Shoals:2 | Reached skill level 10 in Spellcasting
 48570 | Shoals:2 | Learned a level 4 spell: Animate Dead
 48856 | Shoals:3 | Found the ring of Robustness {AC+8}
 48947 | Shoals:3 | Got the ring "Yreqiaps" {+Blink +Fly rN+++ Int-4}
 49407 | Shoals:4 | Entered Level 4 of the Shoals
 49440 | Shoals:4 | Reached XP level 21. HP: 160/160 MP: 38/38
 49442 | Shoals:4 | Found Harrulasch's Food Shoppe.
 49759 | Shoals:4 | Got a barnacled rune of Zot
 49988 | Shoals:4 | Noticed Kirke
 49989 | Shoals:4 | Noticed Nikola
 50000 | Shoals:4 | Killed Kirke
 50001 | Shoals:4 | Banished Nikola
 50816 | Shoals:4 | Learned a level 4 spell: Olgreb's Toxic Radiance
 51076 | Elf:1    | Entered Level 1 of the Elven Halls
 51261 | Elf:1    | Identified Ofanil's Incunabulum of Confrontation
 51435 | Elf:1    | Reached skill level 1 in Conjurations
 51592 | Elf:1    | Reached skill level 19 in Fighting
 51840 | Elf:1    | Found Kogoix's Distillery.
 51871 | Elf:1    | Bought a potion of magic for 80 gold pieces
 51871 | Elf:1    | Bought a potion of brilliance for 40 gold pieces
 51871 | Elf:1    | Bought a potion of brilliance for 40 gold pieces
 51871 | Elf:1    | Bought a potion of might for 40 gold pieces
 51923 | Elf:1    | Bought a potion of cancellation for 80 gold pieces
 51923 | Elf:1    | Bought a potion of lignification for 30 gold pieces
 51923 | Elf:1    | Bought a potion of lignification for 30 gold pieces
 51923 | Elf:1    | Bought a potion of magic for 80 gold pieces
 52394 | Elf:2    | Reached skill level 5 in Poison Magic
 52394 | Elf:2    | Reached skill level 5 in Evocations
 52614 | Elf:2    | Found a flickering gateway to a bazaar.
 52671 | Bazaar   | Entered a bazaar
 52671 | Bazaar   | Found Bacazxot's Assorted Antiques.
 52671 | Bazaar   | Found Sutism's Antique Armour Shop.
 52671 | Bazaar   | Found Vutir's Jewellery Shoppe.
 52671 | Bazaar   | Found Boifix's Food Shop.
 52673 | Bazaar   | Found Edghilou's Jewellery Shoppe.
 52673 | Bazaar   | Found Vaiv's Gadget Boutique.
 52675 | Bazaar   | Bought an agate ring for 105 gold pieces
 52680 | Bazaar   | Bought the ring of the Scavenger {*Drain rElec MR+ Str+4
                  | Int+3} for 625 gold pieces
 52702 | Bazaar   | Bought the ring "Bedili Muag" {rF+ Str+6} for 1015 gold
                  | pieces
 52702 | Bazaar   | Bought a +4 ring of protection for 504 gold pieces
 52756 | Elf:2    | Found a huge runed translucent gate.
 52762 | Elf:2    | Found a huge runed translucent gate.
 52763 | Elf:2    | Found a huge runed translucent gate.
 52764 | Elf:2    | Found a huge runed translucent gate.
 52765 | Elf:2    | Found a huge runed translucent gate.
 52765 | Elf:2    | Noticed Asterion
 52964 | Elf:3    | Entered Level 3 of the Elven Halls
 52964 | Elf:3    | Found Qanip's Book Emporium.
 53078 | Elf:3    | Found Eminoim's Jewellery Emporium.
 53093 | Elf:3    | Bought a book of the Earth for 1105 gold pieces
 53100 | Elf:3    | Learned a level 6 spell: Statue Form
 53106 | Elf:3    | Bought the ring "Weorch" {+Blink rF+ AC+4 Int-3 Dex+4} for
                  | 650 gold pieces
 53124 | Elf:3    | Found Oqoxeon's General Store.
 53194 | Elf:3    | Found Bizaub's Assorted Antiques.
 53210 | Elf:3    | Gained mutation: Scrolls take you a little longer to read.
                  | [a neqoxec]
 53242 | Elf:3    | Upgraded the game from 0.25.0-11-g1f837a7 to
                  | 0.25.0-15-gac7dcb8
 53296 | Elf:3    | Reached XP level 22. HP: 169/169 MP: 34/41
 53672 | Elf:3    | Found Jeahonirr's General Store.
 53675 | Elf:3    | Bought a wand of digging (7) for 440 gold pieces
 54289 | Elf:3    | Reached skill level 5 in Transmutations
 54503 | Elf:3    | Identified the +2 leather armour of the Morning {Int+3}
 54787 | Elf:3    | Identified the Incunabulum of Transmigration and
                  | Self-Knowledge
 55007 | Elf:3    | Bought an uncursed amulet of reflection for 330 gold pieces
 55327 | Crypt:1  | Entered Level 1 of the Crypt
 55477 | Crypt:1  | Reached skill level 10 in Earth Magic
 55523 | Crypt:1  | Found an ancient bone altar of Kikubaaqudgha.
 56239 | Crypt:2  | Noticed Bai Suzhen
 56259 | Crypt:2  | Killed Bai Suzhen
 56369 | Crypt:2  | Noticed Boris
 56386 | Crypt:2  | Killed Boris
 56386 | Crypt:2  | Reached XP level 23. HP: 176/176 MP: 37/42
 56607 | Crypt:2  | Found a runed translucent door.
 56609 | Crypt:2  | Noticed drazt1k's ghost (veteran DsHu)
 56656 | Crypt:2  | Killed drazt1k's ghost
 57123 | Crypt:3  | Entered Level 3 of the Crypt
 57200 | Crypt:3  | Found a staircase to the Tomb.
 57509 | Crypt:3  | Reached skill level 20 in Fighting
 57601 | Crypt:3  | Noticed Jory
 57614 | Crypt:3  | Killed Jory
 57709 | Crypt:3  | Got a scorched lead ring
 57712 | Crypt:3  | Identified the ring of Creativity {rN+ Slay+3} (You found
                  | it on level 3 of the Crypt)
 57818 | Crypt:3  | Got a smoking silver ring
 57821 | Crypt:3  | Identified the ring "Hawn" {rF+ rN+} (You found it on level
                  | 3 of the Crypt)
 57824 | Crypt:3  | Identified the ring of Compassion {rElec rC- rN+ Str+3
                  | Dex+2} (You found it on level 3 of the Crypt)
 58006 | Vaults:4 | Lost mutation: Scrolls take you a little longer to read.
                  | [potion of mutation]
 58006 | Vaults:4 | Lost mutation: You are agile. (Dex +2) [potion of mutation]
 58006 | Vaults:4 | Lost mutation: Your mind is acute. (Int +2) [potion of
                  | mutation]
 58006 | Vaults:4 | Gained mutation: Your muscles are strong. (Str +2) [potion
                  | of mutation]
 58006 | Vaults:4 | Gained mutation: You expend magic power (3 MP) to
                  | strengthen your wands. [potion of mutation]
 58200 | D:13     | Lost mutation: You have an increased reservoir of magic.
                  | (+10% MP) [potion of mutation]
 58200 | D:13     | Lost mutation: Your muscles are strong. (Str +2) [potion of
                  | mutation]
 58200 | D:13     | Lost mutation: You expend magic power (3 MP) to strengthen
                  | your wands. [potion of mutation]
 58200 | D:13     | Gained mutation: One of your tentacles bears a spike.
                  | [potion of mutation]
 58200 | D:13     | Gained mutation: Your muscles are strong. (Str +2) [potion
                  | of mutation]
 58200 | D:13     | Gained mutation: You are frail. (-10% HP) [potion of
                  | mutation]
 58200 | D:13     | Gained mutation: You are surrounded by a mild repulsion
                  | field. (EV +2) [potion of mutation]
 58371 | Orc:2    | Bought a potion of mutation for 120 gold pieces
 58371 | Orc:2    | Lost mutation: One of your tentacles bears a spike. [potion
                  | of mutation]
 58371 | Orc:2    | Lost mutation: You are surrounded by a mild repulsion
                  | field. (EV +2) [potion of mutation]
 58371 | Orc:2    | Lost mutation: Your muscles are strong. (Str +2) [potion of
                  | mutation]
 58371 | Orc:2    | Gained mutation: You are resistant to hostile enchantments.
                  | (MR+) [potion of mutation]
 58371 | Orc:2    | Gained mutation: You are somewhat resistant to further
                  | mutation. [potion of mutation]
 58624 | Snake:4  | Lost mutation: You are somewhat resistant to further
                  | mutation. [potion of mutation]
 58624 | Snake:4  | Lost mutation: You are resistant to hostile enchantments.
                  | (MR+) [potion of mutation]
 58624 | Snake:4  | Lost mutation: You are frail. (-10% HP) [potion of
                  | mutation]
 58624 | Snake:4  | Gained mutation: Your spells are a little easier to cast,
                  | but a little less powerful. [potion of mutation]
 58624 | Snake:4  | Gained mutation: You are partially covered in thin metallic
                  | scales. (AC +2) [potion of mutation]
 58624 | Snake:4  | Gained mutation: You expend magic power (3 MP) to
                  | strengthen your wands. [potion of mutation]
 59465 | Depths:1 | Entered Level 1 of the Depths
 59717 | Depths:1 | Found a one-way gate leading to the halls of Pandemonium.
 60056 | Depths:1 | Noticed Dazliare's ghost (journeyman HOFi)
 60065 | Depths:1 | Found a runed translucent gate.
 60065 | Depths:1 | Found a runed translucent gate.
 60067 | Depths:1 | Found a runed translucent gate.
 60088 | Depths:1 | Killed Dazliare's ghost
 60090 | Depths:1 | Reached skill level 10 in Transmutations
 60524 | Depths:1 | Found a gateway to Hell.
 60532 | Depths:1 | Learned a level 5 spell: Irradiate
 61102 | Depths:2 | Reached XP level 24. HP: 159/183 MP: 3/39
 61105 | Depths:2 | Gained mutation: Potions are less effective at restoring
                  | your health. [mutagenic glow]
 63061 | Depths:3 | Found a one-way gate to the infinite horrors of the Abyss.
 63391 | Depths:3 | Found a gateway to a ziggurat.
 63735 | Depths:3 | Found a large runed translucent door.
 63736 | Depths:3 | Found a large runed translucent door.
 63758 | Depths:3 | Reached skill level 5 in Conjurations
 64164 | Depths:3 | Lost mutation: You expend magic power (3 MP) to strengthen
                  | your wands. [potion of mutation]
 64164 | Depths:3 | Lost mutation: Your spells are a little easier to cast, but
                  | a little less powerful. [potion of mutation]
 64164 | Depths:3 | Lost mutation: Potions are less effective at restoring your
                  | health. [potion of mutation]
 64164 | Depths:3 | Gained mutation: Your natural rate of healing is unusually
                  | fast. [potion of mutation]
 64164 | Depths:3 | Gained mutation: You have very sharp teeth. [potion of
                  | mutation]
 64164 | Depths:3 | Lost mutation: You have very sharp teeth. [potion of
                  | mutation]
 64164 | Depths:3 | Gained mutation: One of your tentacles bears a spike.
                  | [potion of mutation]
 64485 | Depths:4 | Reached XP level 25. HP: 180/190 MP: 39/39
 64523 | Depths:4 | Found a runed translucent gate.
 64523 | Depths:4 | Found a runed translucent gate.
 64523 | Depths:4 | Found a runed translucent gate.
 64524 | Depths:4 | Found an opulent altar of Gozag.
 64525 | Depths:4 | Found Kaineoc's Assorted Antiques.
 64525 | Depths:4 | Noticed Gayseys's ghost (veteran DEFE)
 64563 | Depths:4 | Reached skill level 15 in Polearms
 64567 | Depths:4 | Killed Gayseys's ghost
 65411 | Depths:5 | Entered Level 5 of the Depths
 65609 | Depths:5 | Noticed a juggernaut
 65620 | Depths:5 | Noticed a juggernaut
 65621 | Depths:5 | Banished a juggernaut
 65645 | Depths:5 | Killed a juggernaut
 65672 | Depths:5 | Learned a level 6 spell: Death Channel
 65745 | Depths:5 | Noticed the Enchantress
 65749 | Depths:5 | Killed the Enchantress
 65839 | Depths:5 | Reached skill level 10 in Necromancy
 66040 | Depths:5 | Found a gate to the Realm of Zot.
 66111 | Depths:5 | Got a transparent ruby amulet
 66443 | Depths:5 | Reached XP level 26. HP: 198/198 MP: 29/39
 67019 | Depths:5 | Identified the amulet of Dissent {Reflect rN+ MR+ Int+3
                  | Slay-4 SH+5} (You found it on level 5 of the Depths)
 67921 | Vaults:5 | Entered Level 5 of the Vaults
 67953 | Vaults:5 | Reached skill level 15 in Dodging
 67998 | Vaults:5 | Reached skill level 21 in Fighting
 68693 | Vaults:5 | Identified the ring "Tuyv" {Ice +Inv Str-2 SInv}
 68697 | Vaults:5 | Identified the cursed +0 battleaxe "Urchafady" {speed,
                  | rElec rC- Int+2 Dex+8}
 68697 | Vaults:5 | Identified the ring of Checkmate {rElec rPois rN++}
 69100 | Vaults:5 | Got a silver rune of Zot
 69396 | Vaults:5 | Identified the +3 ring mail of Ruetor {+Inv rElec MR++
                  | Dex-5}
 69443 | Vaults:5 | Noticed an ancient lich
 69449 | Vaults:5 | Killed an ancient lich
 69449 | Vaults:5 | Reached XP level 27. HP: 205/205 MP: 39/39
 69669 | Vaults:5 | Got a shimmering tin amulet
 69687 | Vaults:5 | Identified the amulet "Diufiadu" {Inacc rPois rF+++ MR+
                  | Int-5} (You found it on level 5 of the Vaults)
 69688 | Vaults:5 | Identified the cursed +0 buckler of Failure {rPois SInv}
                  | (You found it on level 5 of the Vaults)
 70177 | Zot:1    | Entered Level 1 of the Realm of Zot
 71574 | Zot:2    | Noticed an orb of fire
 71579 | Zot:2    | Banished an orb of fire
 71733 | Zot:2    | Reached skill level 22 in Fighting
 72120 | Zot:2    | Found the +0 mask of the Dragon {MR+ Slay+3 SInv}
 72140 | Zot:2    | Found a transporter.
 72866 | Zot:3    | Learned a level 1 spell: Summon Butterflies
 73121 | Zot:3    | Reached skill level 1 in Summonings
 73203 | Zot:3    | Found a runed translucent gate.
 73203 | Zot:3    | Found a runed translucent gate.
 73203 | Zot:3    | Found a runed translucent gate.
 73295 | Zot:3    | Noticed Tirec's ghost (veteran CeHu)
 73954 | Zot:4    | Found a transporter.
 73958 | Zot:4    | Identified the ring "Maetrou" {Fire MR+ MP-9 Str+4}
 73970 | Zot:4    | Found a transporter.
 74363 | Zot:4    | Learned a level 2 spell: Sublimation of Blood
 74490 | Zot:4    | Reached skill level 23 in Fighting
 74951 | Zot:5    | Entered Level 5 of the Realm of Zot
 75004 | Zot:5    | Noticed an orb of fire
 75015 | Zot:5    | Killed an orb of fire
 75157 | Zot:5    | Noticed an orb of fire
 75183 | Zot:5    | Gained mutation: You occasionally shout uncontrollably at
                  | your foes. [an orb of fire]
 75184 | Zot:5    | Killed an orb of fire
 75184 | Zot:5    | Reached skill level 24 in Fighting
 75214 | Zot:5    | Noticed an orb of fire
 75220 | Zot:5    | Killed an orb of fire
 76022 | Zot:5    | Noticed an orb of fire
 76025 | Zot:5    | Noticed an orb of fire
 76028 | Zot:5    | Killed an orb of fire
 76028 | Zot:5    | Reached skill level 25 in Fighting
 76031 | Zot:5    | Killed an orb of fire
 76034 | Zot:5    | Noticed an orb of fire
 76046 | Zot:5    | Killed an orb of fire
 76333 | Zot:5    | Noticed an ancient lich
 76338 | Zot:5    | Noticed an ancient lich
 76343 | Zot:5    | Killed an ancient lich
 76343 | Zot:5    | Reached skill level 26 in Fighting
 76346 | Zot:5    | Noticed an ancient lich
 76355 | Zot:5    | Killed an ancient lich
 76375 | Zot:5    | Noticed an ancient lich
 76381 | Zot:5    | Killed an ancient lich
 76383 | Zot:5    | Banished an ancient lich
 76642 | Zot:5    | Got the Orb of Zot
 77086 | D:8      | Gained mutation: You are weak. (Str -2) [a neqoxec]
 77188 | D:4      | Noticed Nunep the pandemonium lord
 77281 | D:$      | Escaped with the Orb!

Illustrated notes

Levels and vault maps discovered:
D:1:      kennysheep_arrival_forest, layout_rooms, minmay_statues_item
D:2:      layout_loops_cross, kennysheep_slug_shrine, first_ration, uniq_sigmund
D:3:      layout_loops_ring, old_standard_altar,
          chequers_temple_overflow_minitemple, nrook_campfire,
          kennysheep_cross_bottleneck, okawaru_gym_becter
D:4:      kennysheep_the_goblin_king, layout_cave_pools, lemuel_crystal_altar,
          uniq_menkaure, uniq_pikel, uniq_robin
D:5:      layout_layer_cave, minmay_temple_entry_statues_pillars
D:6:      layout_loops_corners, kennysheep_mini_moat, uniq_blork_the_orc
D:7:      minmay_chambers_of_sevens, layout_basic,
          nicolae_ossuary_entry_monument
D:8:      layout_cave_pools, grunt_ogre_cave, uniq_erica, uniq_psyche
D:9:      lemuel_bear_cage, layout_loops_ring, xom_teletrap_fun,
          due_lair_maze_entry_diamond
D:10:     minmay_the_grid_4x2 [minmay_the_grid_aliased_spiral,
          minmay_the_grid_doors, minmay_the_grid_pillar_ring,
          minmay_the_grid_outer_diamond, minmay_the_grid_eight,
          minmay_the_grid_box_x, minmay_the_grid_broken_lines,
          minmay_the_grid_prize_four_corners], layout_grid_maze, st_stairs_6,
          minmay_misc_feat_pillars, eino_house_with_fridge
D:11:     layout_roguey, david_orc_3, david_defended_altar_elf
D:12:     layout_small_grid, hangedman_abyss_or_decor_lesser_grid
D:13:     layout_cave_pods, david_vaults_2, hangedman_decor_peaks_small
D:14:     layout_long_grid, minmay_misc_feat_columns, minmay_misc_feat_doors,
          evilmike_ruin_ashenzari
D:15:     gammafunk_depths_entry_grave, layout_cave_pools,
          minmay_misc_feat_cross, uniq_josephine, uniq_agnes
Lair:1:   layout_big_grid, portal_ice_cave_entry_ice_beasts, disabler_island
Lair:2:   layout_misc_corridors, minmay_shoals_entry_lonely_mermaid,
          minmay_snake_entry_six_corridors, basic_altar
Lair:3:   layout_cave_pods, beast_lair_carwin_8, grunt_megastairs_5
Lair:4:   layout_cave_pods, gammafunk_ghost_arena
Lair:5:   cheibrodos_lair_overgrown_chateau, layout_regular_city
Lair:6:   grunt_lair_end_beastmaster, layout_cave_pods, slime_dummy,
          st_stairs_8, lemuel_fruit_tree
Shoals:1: layout_shoals, nicolae_shoals_flooded_hall, uniq_frances, uniq_jorgrun
Shoals:2: layout_shoals
Shoals:3: layout_shoals
Shoals:4: shoals_end_hangedman, layout_shoals, serial_shops, shop,
          kb_tengu_band, uniq_kirke, uniq_nikola
Snake:1:  layout_layer_cave, grunt_megastairs_2
Snake:2:  layout_layer_cave, corexii_hall_statues_l, nicolae_snake_shapes
Snake:3:  layout_chambers
Snake:4:  snake_pit, layout_grid_shapes, serial_shops, nicolae_shop_statue_plus,
          uniq_vashnia, uniq_aizul, uniq_mara
Orc:1:    layout_caves, serial_shops, shop
Orc:2:    st_orc_pillars, layout_diamond_mine, gammafunk_ghost_grave
Elf:1:    layout_geoelf_grid, serial_shops, shop, minmay_elf_annihilation,
          minmay_misc_feat_alley
Elf:2:    layout_rooms, serial_shops, bzr_entry_safe, drop_trap, uniq_asterion
Elf:3:    minmay_elf_hall_not_hex, layout_geoelf_castle, serial_shops,
          nicolae_shop_overgrown_old_shop, nicolae_shop_statue_plus,
          nicolae_shop_stone, nicolae_shop_behind_doors, shop, st_stairs_8
Vaults:1: nicolae_vaults_specimen_jars, nicolae_vaults_network_quinsquares
          [nicolae_vaults_network_quincunx_subvault,
          nicolae_vaults_network_quincunx_subvault,
          nicolae_vaults_network_quincunx_subvault,
          nicolae_vaults_network_quincunx_subvault],
          ontoclasm_vaults_ring_small, v_misc_2, v_misc_30,
          dpeg_vaults_monster_row, nicolae_vaults_network_square,
          ontoclasm_vaults_chip, vaults_mumra_chevron, vaults_dpeg_encased_lava,
          ontoclasm_vaults_idyll, ontoclasm_vaults_idyll,
          layout_vaults_big_cross
Vaults:2: ontoclasm_vaults_misaligned, vaults_room_pool, grunt_vaults_diagonal,
          hangedman_vaults_stagger, vaults_room_glass_cross,
          vaults_room_semicircle, nicolae_vaults_little_squares_4,
          vaults_mumra_lcd, nicolae_vaults_diagonal_hallway_6,
          vaults_mumra_hexcomb, ontoclasm_vaults_decontamination,
          vaults_room_fours, ontoclasm_vaults_pinch, layout_vaults_chaotic_city
Vaults:3: v_misc_1, vaults_room_corners, vaults_room_octagon,
          minmay_crypt_entry_nasty_monster,
          vaults_standard_mumra_enter_the_diamond, vaults_room_corners,
          ontoclasm_vaults_ligature, v_misc_30, grunt_vaults_trifunnel,
          nicolae_vaults_little_squares_3, layout_vaults_omnibox, uniq_margery
Vaults:4: v_misc_14, ontoclasm_vaults_shout, hangedman_vaults_corner,
          serial_ice_g, nicolae_vaults_diagonal_hallway_7, vaults_dpeg_hooks,
          v_rooms_6, nicolae_vaults_shelves_hall,
          ontoclasm_vaults_loading_screen, v_alt_pattern_3,
          hangedman_vaults_trim, vaults_room_hallway, layout_vaults_maze_bifur,
          serial_shops, shop, uniq_boris
Vaults:5
Crypt:1:  layout_regular_city, basic_altar
Crypt:2:  layout_misc_corridors, ebering_ghost_inner_flame, feat_on_display,
          uniq_bai_suzhen
Crypt:3:  due_elkab, layout_chaotic_city, nicolae_tomb_entry_rubble_hallway
Depths:1: layout_gridlike, rand_demon_pan_entry_1, grunt_hell_entry_dis_old,
          minmay_curled_crystal, gammafunk_ghost_split, serial_corexii_hall,
          chequers_hall_statues_corner_a, corexii_hall_statues_t,
          kennysheep_generic_room_9
Depths:2: grunt_deathspiral_large, layout_cave_pools, lightli_too_deep,
          chequers_serial_rivers_small_b, serial_sigils_hangedman_gut,
          st_stairs_9, kennysheep_generic_room_13
Depths:3: lightli_eight_chambers, layout_basic, enter_ziggurat_a, abyss_entry,
          hangedman_geh_valley, chequers_serial_rivers_micro_d,
          rand_demon_pan_entry_9, st_stairs_8, lemuel_flamethrower_1,
          infiniplex_staircase_door_maze
Depths:4: hourglass_vault, layout_cave_pools, minivault_14, ebering_ghost_gozag,
          hell_entry, abyss_entry, serial_column_ruins, column_ruins_hut,
          column_ruins_hut_ruined, column_ruins_open_tiny_water,
          column_ruins_open_tiny, column_ruins_corridor_straight,
          column_ruins_columns_straight, column_ruins_open_large,
          serial_bayou_lagoon_a
Depths:5: lemuel_castle_with_subvaults [lemuel_castle_interior_carwin_1],
          layout_honeycomb, serial_sigils_hangedman_leer,
          rand_demon_pan_entry_3, pf_coc_iceberg,
          chequers_serial_rivers_large_a, minivault_14, minmay_alternating_orb,
          serial_bayou_shore_b, uniq_enchantress
Zot:1:    layout_basic, grunt_megastairs_3
Zot:2:    layout_basic, hangedman_zot_decor_scrapings, lemuel_baited_zot_trap,
          chequers_guarded_unrand_mask_of_the_dragon
Zot:3:    layout_gridville, gammafunk_ghost_tricky_traps, st_stairs_4
Zot:4:    gammafunk_the_bubble [the_bubble_gammafunk_split],
          layout_misc_corridors
Zot:5:    layout_misc_corridors

Skill      XL: |  1  2  3  4  5  6  7  8  9 10 11 12 13 14 15 16 17 18 19 20 21 22 23 24 25 26 27 |
---------------+----------------------------------------------------------------------------------+-----
Stealth        | 1 2 4 6 9 10 11 | 11.7
Polearms       | 3 5 6 8 9 11 12 13 14 15 16 18 | 18.5
Dodging        | 4 5 6 7 8 9 10 11 12 13 14 15 | 15.4
Invocations    | 1 2 4 5 7 8 9 10 11 12 | 12.0
Fighting       | 4 5 6 7 8 9 10 12 13 14 15 17 18 19 20 21 26 | 26.6
Throwing       | 2 3 5 |  5.0
Shields        | 4 5 6 7 8 11 13 14 15 16 17 18 | 18.0
Evocations     | 1 3 5 7 |  7.9
Earth Magic    | 1 3 4 6 7 8 11 12 13 | 13.8
Transmutations | 1 3 8 10 12 | 12.6
Spellcasting   | 1 3 4 6 7 8 9 10 11 12 | 12.0
Ice Magic      | 3 5 6 7 |  7.0
Charms         | 1 4 |  4.0
Poison Magic   | 3 5 6 |  6.5
Necromancy     | 2 4 5 6 7 11 13 | 13.9
Conjurations   | 2 5 |  5.9
Summonings     | 4 |  4.1

Action                   |  1- 3 |  4- 6 |  7- 9 | 10-12 | 13-15 | 16-18 | 19-21 | 22-24 | 25-27 || total
-------------------------+-------+-------+-------+-------+-------+-------+-------+-------+-------++-------
Melee: Trident           |    49 |    98 |   246 |   517 |    83 |       |       |       |       ||   993
       Constrict         |     8 |    18 |    47 |    59 |    73 |    67 |    83 |   100 |   116 ||   571
       Tentacles         |     5 |    15 |    68 |   223 |   145 |   140 |   186 |   241 |   211 ||  1234
       Spear             |       |       |       |    30 |       |       |       |       |       ||    30
       Demon trident     |       |       |       |       |   762 |  1068 |  1243 |  1203 |  1251 ||  5527
       Kick              |       |       |       |       |       |       |       |     5 |   347 ||   352
Throw: Boomerang         |       |       |     5 |    62 |       |       |       |       |       ||    67
       Dart              |       |       |       |    38 |    52 |     2 |       |       |       ||    92
       Stone             |       |       |       |     5 |    67 |       |       |       |       ||    72
       Throwing net      |       |       |       |     1 |       |       |       |       |       ||     1
       Javelin           |       |       |       |       |       |     1 |       |       |       ||     1
 Cast: Passwall          |       |       |       |     2 |       |       |       |       |     5 ||     7
       Sandblast         |       |       |       |     4 |     1 |       |       |       |       ||     5
       Ozocubu's Armour  |       |       |       |       |     1 |     4 |     8 |     6 |       ||    19
       Frozen Ramparts   |       |       |       |       |       |     2 |     3 |     5 |     2 ||    12
       Animate Dead      |       |       |       |       |       |       |    23 |    29 |    67 ||   119
       Olgreb's Toxic Ra |       |       |       |       |       |       |     9 |    23 |    13 ||    45
       Borgnjor's Vile C |       |       |       |       |       |       |     5 |     4 |     2 ||    11
       Mephitic Cloud    |       |       |       |       |       |       |     1 |     2 |       ||     3
       Poisonous Vapours |       |       |       |       |       |       |       |     4 |       ||     4
       Statue Form       |       |       |       |       |       |       |       |    19 |    44 ||    63
       Death Channel     |       |       |       |       |       |       |       |       |    61 ||    61
       Summon Butterflie |       |       |       |       |       |       |       |       |     4 ||     4
       Irradiate         |       |       |       |       |       |       |       |       |     1 ||     1
Invok: Bend Time         |       |       |     2 |     1 |       |       |       |       |       ||     3
       Slouch            |       |       |       |       |     3 |       |     2 |       |     7 ||    12
       Step From Time    |       |       |       |       |       |       |       |       |     1 ||     1
 Abil: Evoke Blink       |       |       |       |       |       |       |       |     1 |     2 ||     3
       End Transformatio |       |       |       |       |       |       |       |       |     1 ||     1
Evoke: Wand              |       |       |     5 |    36 |    10 |     3 |       |       |     1 ||    55
  Use: Scroll            |       |       |    20 |     7 |    19 |     8 |    10 |     7 |    15 ||    86
       Potion            |       |       |     6 |     5 |       |     1 |     2 |     7 |     6 ||    27
 Stab: Sleeping          |     7 |    13 |    11 |     7 |    75 |    81 |    89 |    58 |    25 ||   366
       Distracted        |     1 |     1 |     3 |     5 |    13 |    18 |     9 |    16 |    44 ||   110
       Invisible         |       |       |     2 |       |       |       |       |       |       ||     2
  Eat: Chunk             |     1 |     4 |     7 |    11 |    19 |    16 |    22 |    11 |    18 ||   109
       Ration            |       |       |       |     1 |     1 |     2 |       |     5 |    11 ||    20
Armor: Skin              |     4 |     1 |    12 |     9 |     4 |    16 |    30 |    98 |   188 ||   362
Dodge: Dodged            |     7 |    23 |    76 |   187 |   114 |   132 |   185 |   324 |   369 ||  1417
Block: Kite shield       |     5 |    13 |    86 |   229 |   175 |    26 |       |       |       ||   534
       Tower shield      |       |       |       |       |       |   449 |   655 |   873 |   873 ||  2850
       Reflection        |       |       |       |       |       |       |       |    39 |       ||    39
